Map: Tours du crépuscule

Players

DiamondPolt

  • Race: Terran Terran
  • League: Diamond

Molgo - Winner!

  • Race: Terran Terran
  • League: Diamond

VOD

Have the link to the VOD?

Description

Time

  • Played on: April 20, 2016, 1:59 p.m.
  • Length: 18:36
Show
View Real Time Build Order
Export as new Build Order

DiamondPolt Terran 

Build Orders: Reaper Expand, Bio Tank 

Get SALT Encoding   

  12  0:01  SCV  
  13  0:13  SCV  
  14  0:17  Supply Depot  
  14  0:25  SCV  
  15  0:39  SCV  
  15  0:40  Barracks  
  16  0:44  Refinery  
  16  0:51  SCV  
  17  1:03  SCV  
  18  1:15  SCV  
  19  1:28  Reaper, Orbital Command  
  20  1:45  Command Center  
  20  1:54  SCV  
  21  2:01  Barracks  
  21  2:05  Supply Depot  
  21  2:08  Marine  
  21  2:12  SCV  
  23  2:24  Factory  
  23  2:26  SCV  
  23  2:28  Marine  
  24  2:41  SCV  
  24  2:43  Refinery  
  25  2:48  Barracks Tech Lab, Marine  
  26  2:54  SCV  
  26  2:58  Orbital Command  
  27  3:06  SCV, Marine  
  27  3:09  Factory Tech Lab, Starport  
  27  3:12  Marine  
  30  3:21  SCV  
  30  3:23  Stimpack, Marine  
  32  3:30  Marine  
  32  3:33  SCV  
  34  3:41  Barracks  
  34  3:42  SCV  
  34  3:45  SCV  
  34  3:47  Factory Reactor, Marine  
  37  3:48  Marine  
  37  3:51  Banshee  
  37  3:54  SCV  
  42  3:57  SCV  
  42  4:01  Supply Depot  
  43  4:06  SCV  
  43  4:09  SCV, Marine  
  46  4:14  Supply Depot  
  46  4:22  SCV x2, Marine  
  49  4:29  Barracks Reactor, Marine  
  50  4:35  SCV x2  
  52  4:40  Marine  
  52  4:42  Medivac  
  52  4:43  Viking  
  57  4:47  SCV x2  
  57  4:48  Refinery  
  57  4:50  Refinery  
  59  4:54  Siege Tank  
  62  5:03  Supply Depot  
  62  5:04  Supply Depot, SCV x2, Marine x2  
  66  5:16  SCV x2  
  68  5:23  Medivac  
  70  5:28  SCV  
  70  5:29  Combat Shields  
  71  5:39  Marine x2  
  71  5:40  Command Center  
  73  5:44  Marine x2  
  75  5:56  Medivac  
  75  5:57  Marine x2  
  77  6:01  Marine  
  77  6:02  Marine  
  81  6:06  SCV x2  
  83  6:14  Marine  
  83  6:17  Marine  
  83  6:18  SCV x2  
  79  6:19  Marine x2  
  79  6:23  Siege Tank  
  82  6:32  Marine  
  82  6:35  Marine  
  82  6:37  SCV x2  
  82  6:39  Barracks  
  86  6:41  Barracks  
  86  6:52  Medivac x2, Marine x3  
  86  6:53  Marine  
  88  7:09  Marine x3  
  88  7:11  Marine  
  85  7:21  Orbital Command  
  79  7:23  Siege Tank  
  79  7:27  Marine x3  
  79  7:28  Barracks Reactor, Marine  
  86  7:35  Engineering Bay  
  86  7:36  Engineering Bay  
  86  7:38  Supply Depot, Marine  
  86  7:39  Armory, Concussive Shells  
  87  7:45  SCV x2, Marine x2  
  87  7:48  Viking x2  
  95  7:51  Marine  
  95  7:52  Orbital Command, Marine  
  95  7:56  Marine  
  98  8:01  Terran Infantry Weapons Level 1  
  98  8:02  Terran Infantry Armor Level 1  
  98  8:03  Marine  
  96  8:19  Siege Tank  
  99  8:20  Medivac  
  99  8:21  Marine x4  
  99  8:22  Marine  
  99  8:23  SCV x3  
  109  8:42  Supply Depot, Terran Vehicle Weapons Level 1  
  109  8:43  Supply Depot x2  
  109  8:44  Factory  
  109  9:00  Barracks Tech Lab  
  109  9:04  SCV x3, Marine x2  
  114  9:10  Marine x4  
  114  9:16  SCV x3  
  121  9:18  Medivac x2  
  121  9:21  Supply Depot  
  121  9:23  Supply Depot  
  125  9:26  Siege Tank, Command Center  
  125  9:27  Marauder  
  125  9:28  SCV x2  
  132  9:32  Factory Tech Lab  
  132  9:34  SCV  
  132  9:36  Refinery x2  
  133  9:43  Marauder, SCV, Marine x5  
  133  9:45  SCV  
  142  9:46  SCV  
  142  9:49  Marauder  
  132  9:55  SCV  
  132  9:57  Terran Infantry Armor Level 2, Terran Infantry Weapons Level 2  
  132  9:59  Siege Tank x2  
  139  10:01  Medivac x2, Marine x5  
  148  10:07  Marauder  
  148  10:10  Marine  
  148  10:13  Supply Depot x2  
  148  10:14  Supply Depot, Barracks x2  
  144  10:15  Supply Depot  
  144  10:17  Supply Depot, SCV x3  
  144  10:18  Marine  
  148  10:29  Supply Depot  
  148  10:30  SCV  
  148  10:34  SCV  
  154  10:35  Marauder x2  
  154  10:50  Marine  
  154  10:53  Siege Tank x2  
  154  10:56  Supply Depot  
  165  10:57  Marauder x2  
  165  11:01  Barracks Tech Lab  
  165  11:02  Barracks Tech Lab  
  165  11:17  Marine  
  169  11:18  Marauder x2  
  169  11:20  Marauder  
  173  11:25  Siege Tank x2  
  169  11:39  Marauder  
  171  11:40  Marauder  
  171  11:41  Marauder x2  
  171  11:45  Viking  
  177  12:01  Marauder x2  
  181  12:02  Marauder  
  181  12:03  Marauder  
  171  12:13  Marine  
  171  12:14  Marine x3  
  126  12:19  Medivac  
  126  12:22  Marauder x2  
  118  12:23  Marauder  
  118  12:24  Marauder  
  109  12:31  Marine x2  
  109  12:32  Marine  
  111  12:44  Marauder x2, Marine  
  111  12:45  Marauder  
  111  12:46  Marauder  
  111  12:47  Medivac  
  111  12:49  Marine x3  
  119  13:05  Marauder x2, Medivac  
  123  13:06  Marauder  
  123  13:07  Marauder  
  123  13:08  Terran Infantry Weapons Level 3  
  127  13:17  Medivac, Terran Infantry Armor Level 3  
  129  13:21  Marine  
  129  13:26  Marauder  
  129  13:27  Marauder  
  134  13:28  Planetary Fortress, Marauder x2  
  134  13:31  SCV x2  
  140  13:35  Medivac  
  140  13:38  Starport  
  140  13:40  Barracks  
  142  13:45  Terran Vehicle Weapons Level 2  
  142  13:46  Marine  
  142  13:47  Medivac  
  142  13:48  Marauder x2  
  149  14:03  Marauder x2, Marine x2  
  149  14:04  Medivac, Marine  
  149  14:09  Marauder  
  160  14:16  Command Center, Marauder  
  162  14:17  Refinery  
  162  14:20  Refinery, Marine  
  162  14:21  Marine  
  164  14:24  Marauder  
  164  14:26  Marine x2  
  164  14:27  Marauder  
  164  14:31  Marauder  
  172  14:33  Starport Reactor  
  172  14:37  Marine  
  168  14:38  Marine x2  
  165  14:46  Marauder  
  165  14:48  Marauder  
  165  14:49  SCV  
  165  14:50  SCV x3  
  165  14:52  Marauder  
  170  14:56  Marauder  
  172  15:01  SCV  
  172  15:02  SCV x3  
  167  15:14  Marauder x2, Marine x3, SCV  
  157  15:15  Marauder  
  161  15:27  Medivac x2  
  165  15:31  Marauder, Marine x2  
  166  15:51  Marine x2  
  166  15:52  Marauder x2  
  172  16:00  Medivac x2  
  172  16:03  Marauder x2, Marine x2  
  182  16:12  Marine  
  182  16:13  Marauder x2  
  182  16:15  Medivac  
  189  16:23  Orbital Command  
  189  16:26  Refinery  
  189  16:28  Refinery  
  98  16:47  Marauder, Marine x4  
  98  16:48  Marauder x3  
  86  17:05  SCV, Marine x4  
  91  17:09  Siege Tank, Marauder x4  
  91  17:10  Siege Tank  
  104  17:23  Marine x4  
  83  17:30  Marauder x2, Marine x2  
  83  17:33  Medivac x2  
  86  17:40  Marine  
  86  17:41  Marine x3  
  86  17:43  Medivac  
  92  17:48  Marauder  
  92  17:49  Marauder  
  95  17:52  Marauder x2  
  95  17:58  Medivac, Marine x2  
  101  17:59  Siege Tank, Marine  
  100  18:10  Marauder x2  
  100  18:12  Marine  
  105  18:13  Marauder x2  
  105  18:16  Marine  
Show
View Real Time Build Order
Export as new Build Order

Molgo Terran - Winner!

Build Orders: Mech 

Get SALT Encoding   

  12  0:01  SCV  
  13  0:13  SCV  
  14  0:17  Supply Depot  
  14  0:25  SCV  
  15  0:39  SCV  
  15  0:40  Barracks  
  16  0:52  Refinery, SCV  
  17  1:04  SCV  
  18  1:16  SCV  
  19  1:28  Marine  
  19  1:29  Orbital Command  
  20  1:40  Command Center  
  20  1:45  Marine  
  21  1:56  SCV  
  21  1:59  Factory  
  22  2:06  Marine  
  23  2:14  Supply Depot  
  23  2:23  Refinery  
  23  2:24  Barracks Reactor  
  23  2:36  SCV  
  24  2:47  Factory Tech Lab  
  24  2:48  SCV  
  25  2:52  Orbital Command  
  25  2:58  Engineering Bay  
  25  3:00  Starport, SCV  
  25  3:02  Marine  
  27  3:06  Marine  
  27  3:12  SCV  
  29  3:20  Marine  
  29  3:23  Marine, SCV  
  29  3:24  SCV  
  33  3:32  Missile Turret  
  33  3:34  Supply Depot  
  33  3:35  SCV  
  34  3:41  Siege Tank  
  34  3:44  SCV  
  38  3:50  Missile Turret  
  38  3:51  SCV  
  39  3:57  Marine x2, SCV  
  42  4:03  SCV  
  42  4:05  Viking  
  42  4:09  SCV  
  46  4:13  Refinery  
  46  4:14  Refinery  
  46  4:15  SCV  
  47  4:20  Siege Tank  
  47  4:21  Marine  
  47  4:22  Marine  
  52  4:41  SCV x2  
  52  4:44  Missile Turret  
  54  4:54  Supply Depot  
  54  5:03  Command Center  
  54  5:15  Marine x2  
  54  5:16  Siege Tank, Medivac  
  61  5:29  Supply Depot  
  61  5:32  Factory  
  61  5:33  Factory  
  61  5:34  Marine  
  62  5:42  SCV x2, Marine  
  65  5:47  Starport Reactor  
  65  5:48  Siege Tank  
  67  6:07  Marine x2  
  69  6:12  SCV x2  
  68  6:20  Siege Tank  
  68  6:24  SCV  
  71  6:30  Factory Tech Lab  
  71  6:31  Factory Reactor  
  71  6:37  Supply Depot  
  71  6:39  Armory x2, Orbital Command  
  71  6:52  Siege Tank  
  68  7:04  Siege Tank  
  66  7:13  Orbital Command  
  66  7:15  Hellion  
  53  7:24  Siege Tank  
  53  7:29  Viking  
  58  7:36  Siege Tank  
  61  7:42  SCV x3  
  64  7:53  Terran Vehicle Weapons Level 1, Terran Vehicle And Ship Armor Level 1  
  64  7:54  SCV x3  
  64  7:56  Siege Tank  
  64  7:57  Refinery x2  
  70  7:59  Missile Turret  
  70  8:07  Factory  
  70  8:12  SCV x3  
  73  8:15  Viking  
  73  8:18  Hellion x2  
  79  8:21  Hi-Sec Auto Tracking  
  79  8:24  SCV x2  
  79  8:26  SCV  
  82  8:30  Supply Depot  
  82  8:36  SCV x2  
  82  8:38  Missile Turret  
  82  8:39  Siege Tank  
  90  8:41  Siege Tank  
  90  8:42  Hellion  
  90  8:43  Hellion  
  90  8:47  Viking  
  96  8:50  Viking  
  96  8:54  SCV x2  
  101  8:55  SCV  
  101  9:04  Hellion  
  101  9:06  Hellion, SCV x2  
  101  9:07  Hellion x2  
  101  9:09  Infernal Pre-Igniter  
  111  9:11  Siege Tank  
  111  9:15  Missile Turret  
  114  9:20  Sensor Tower  
  114  9:25  Hellion  
  116  9:37  Command Center  
  117  9:45  Hellion, Orbital Command  
  117  9:48  Hellion  
  117  9:52  Hellion  
  117  10:05  Siege Tank  
  114  10:09  Hellion x3  
  114  10:13  Siege Tank  
  115  10:14  SCV x2  
  117  10:21  Terran Vehicle Weapons Level 2  
  117  10:24  Terran Vehicle And Ship Armor Level 2  
  117  10:31  SCV x2  
  117  10:35  Supply Depot x2  
  119  10:37  Siege Tank  
  119  10:41  Hellion  
  124  10:48  Siege Tank, Hellion x2  
  124  10:49  Refinery  
  131  10:53  SCV  
  132  10:57  Missile Turret  
  132  11:05  Viking x2  
  132  11:09  Siege Tank  
  132  11:10  Missile Turret  
  139  11:18  Missile Turret  
  139  11:32  Siege Tank, Hellion x2  
  146  11:35  Viking x2  
  150  11:42  Siege Tank  
  153  11:47  Hellion  
  155  12:09  Siege Tank, Viking x2, Hellion x2  
  155  12:10  Hellion x2  
  155  12:14  Siege Tank  
  114  12:32  Hellion  
  116  12:39  Viking x2  
  116  12:41  Siege Tank  
  120  12:46  Siege Tank, Hellion x2  
  120  12:49  Orbital Command  
  120  12:51  SCV x2  
  126  13:02  Terran Vehicle And Ship Armor Level 3  
  123  13:09  Viking x2  
  127  13:13  Siege Tank  
  127  13:19  Terran Vehicle Weapons Level 3  
  126  13:32  Siege Tank, Hellion  
  126  13:33  Hellion x2  
  135  13:39  Viking x2  
  135  13:40  SCV x2  
  135  13:41  SCV x2  
  143  13:44  Refinery  
  143  13:45  Refinery  
  143  13:48  Command Center  
  143  13:51  Missile Turret  
  143  13:54  Missile Turret  
  143  13:55  Command Center  
  143  13:57  Missile Turret, Sensor Tower  
  143  13:59  Command Center  
  143  14:00  Siege Tank  
  143  14:02  Hellion  
  148  14:04  Siege Tank  
  151  14:25  SCV x2  
  151  14:26  SCV  
  140  14:57  Siege Tank x2, Hellion  
  140  14:58  Hellion x3  
  149  15:08  Planetary Fortress  
  127  15:18  Orbital Command  
  127  15:19  Hellion x2  
  124  15:26  Hellion x2  
  127  15:29  Siege Tank, Hellion  
  127  15:34  Refinery x2  
  124  15:40  Terran Ship Weapons Level 1  
  124  15:47  Hellion x4  
  132  15:50  Orbital Command  
  132  16:07  Viking  
  132  16:08  Viking  
  136  16:12  SCV x5  
  141  16:21  Missile Turret  
  141  16:24  SCV  
  141  16:25  Hellion x6  
  154  16:37  Viking  
  156  16:46  Siege Tank x2, Hellion x3  
  132  17:21  Factory  
  132  17:23  Factory  
  132  17:26  Refinery  
  132  17:27  Refinery  
  129  17:36  Siege Tank x2  
  135  17:39  Hellion x4  
  143  18:09  Starport  
  146  18:15  Factory Tech Lab x2  
Tags
 
Add a new tag
Caveats
  • Supply blocks, unpowered buildings, or Contaminate may cause inaccurate times.
  • Supply counts are checked every 10 seconds.